Map: Purity and Industry LE

Players

prospeKt - Winner!

  • Race: Zerg Zerg
  • League: Platinum
  • Spawn Location: 12:00

VOD

Have the link to the VOD?

Description

Time

  • Played on: May 26, 2020, 3:53 a.m.
  • Length: 15:31
Show
View Real Time Build Order
Export as new Build Order

prospeKt Zerg - Winner!

Build Orders:  

Get SALT Encoding   

  12  0:01  Drone  
  14  0:24  Overlord  
  14  0:26  Drone  
  14  0:50  Drone  
  14  0:57  Drone  
  16  1:07  Drone  
  17  1:20  Drone  
  18  1:31  Hatchery  
  18  1:35  Drone  
  18  1:46  Spawning Pool  
  17  1:50  Drone  
  18  2:05  Drone  
  19  2:16  Extractor  
  18  2:20  Drone  
  19  2:35  Drone  
  20  3:01  Drone  
  21  3:11  Queen x2  
  21  3:15  Drone  
  21  3:16  Overlord  
  26  3:21  Drone  
  27  3:39  Drone  
  28  3:45  Drone  
  28  3:46  Drone  
  30  3:53  Drone  
  31  4:00  Drone  
  32  4:10  Drone  
  32  4:13  Drone  
  34  4:20  Overlord  
  34  4:28  Drone  
  35  4:36  Drone  
  36  4:48  Roach Warren  
  35  4:50  Evolution Chamber, Drone x4  
  35  4:56  Drone x3  
  41  5:11  Drone  
  42  5:29  Extractor  
  41  5:35  Drone x3  
  41  5:37  Overlord  
  44  5:42  Hatchery  
  44  5:49  Overlord x2  
  43  6:01  Extractor  
  43  6:02  Drone x2  
  44  6:15  Drone  
  45  6:21  Roach  
  45  6:27  Roach x5  
  57  6:30  Roach x2  
  61  6:41  Overlord  
  61  6:46  Drone  
  62  6:52  Queen  
  62  6:59  Overlord  
  64  7:01  Drone  
  65  7:14  Drone  
  66  7:31  Drone x4  
  70  7:41  Drone x5  
  70  7:42  Drone x2  
  70  7:48  Overlord  
  77  7:58  Drone x2  
  79  8:03  Zerg Melee Weapons Level 1  
  79  8:08  Drone  
  79  8:09  Drone x2  
  82  8:19  Drone x2  
  84  8:23  Overlord  
  84  8:31  Lair  
  84  8:34  Extractor  
  84  8:35  Drone x2  
  85  8:41  Drone x2  
  85  8:42  Drone x5, Extractor  
  91  8:59  Roach  
  93  9:00  Drone x2  
  93  9:09  Overlord  
  95  9:10  Hatchery  
  95  9:12  Drone  
  95  9:28  Drone  
  95  9:29  Drone x7  
  103  9:42  Drone x3  
  106  10:10  Hatchery  
  106  10:15  Drone  
  106  10:16  Hatchery, Drone  
  106  10:17  Drone  
  106  10:19  Drone  
  108  10:20  Overlord  
  108  10:21  Overlord x2  
  108  10:41  Hydralisk Den  
  108  10:42  Glial Reconstitution, Evolution Chamber  
  108  10:44  Zerg Missile Weapons Level 1  
  106  11:02  Drone x2, Extractor  
  106  11:03  Drone  
  106  11:05  Extractor  
  106  11:06  Overlord x4  
  107  11:48  Hydralisk x10  
  107  11:49  Hydralisk x10  
  147  11:52  Hydralisk  
  149  12:05  Hatchery  
  148  12:14  Hydralisk x2  
  148  12:15  Hydralisk x10  
  148  12:18  Overlord  
  172  12:20  Overlord  
  172  12:22  Overlord  
  172  12:23  Overlord  
  172  12:41  Hydralisk x6  
  184  13:02  Drone x2  
  184  13:04  Hydralisk x6  
  184  13:05  Hydralisk  
  198  13:55  Hatchery  
  197  14:04  Hatchery  
  197  14:07  Hatchery  
  197  14:09  Hatchery  
  194  14:15  Unknown  
  194  14:17  Hydralisk  
  194  14:18  Hydralisk x2  
Tags
 
Add a new tag
Caveats
  • Supply blocks, unpowered buildings, or Contaminate may cause inaccurate times.
  • Supply counts are checked every 10 seconds.